 Dungeon Crawl Stone Soup version 0.21-a0-173-g99db44b (webtiles) character file.

16521 GordonOverkill the Cleaver (level 11, -2/91 (92) HPs)
             Began as a Demigod Gladiator on Aug 8, 2017.
             Slain by a two-headed ogre
             ... wielding a +0 giant club
              (17 damage)
             ... on level 12 of the Dungeon.
             The game lasted 00:32:45 (16011 turns).

GordonOverkill the Cleaver (Demigod Gladiator)     Turns: 16011, Time: 00:32:46

HP:   -2/91 (92)    AC: 18    Str: 23    XL:     11   Next: 81%
MP:   16/16         EV: 10    Int: 14    God:
Gold: 563           SH:  5    Dex: 19    Spells: 10/10 levels left

rFire    + . .     SeeInvis .   G - +0 broad axe
rCold    . . .     Gourm    .   (no shield)
rNeg     + . .     Faith    .   Q - +1 chain mail "Heho" {rElec rPois rN+}
rPois    +         Spirit   .   c - +1 helmet
rElec    +         Reflect  +   (no cloak)
rCorr    .         Harm     .   H - +2 pair of gloves
MR       ++...                  (no boots)
Stlth    ..........             C - +5 amulet of reflection
HPRegen  0.25/turn              q - ring of protection from fire
MPRegen  0.15/turn              y - ring of protection from magic

@: no status effects
A: slimy green scales 1, agile 1, clever 1, high mp 1
a: no special abilities


You were on level 12 of the Dungeon.
You were not hungry.

You visited 1 branch of the dungeon, and saw 12 of its levels.

You collected 680 gold pieces.
You spent 117 gold pieces at shops.

Inventory:

Hand Weapons
 G - a +0 broad axe (weapon)
 P - a +1 morningstar of protection
Missiles
 d - 2 throwing nets (quivered)
Armour
 c - a +1 helmet (worn)
 D - a +2 large shield
 H - a +2 pair of gloves (worn)
 Q - the +1 chain mail "Heho" (worn) {rElec rPois rN+}
   (You found it on level 10 of the Dungeon)

   It insulates you from electricity.
   It protects you from poison.
   It protects you from negative energy.
 U - a +0 shield
Jewellery
 m - an uncursed ring of protection from cold
 q - a ring of protection from fire (left hand)
 r - an uncursed ring of poison resistance
 y - a ring of protection from magic (right hand)
 C - a +5 amulet of reflection (around neck)
 O - an uncursed ring of resist corrosion
Wands
 a - a wand of iceblast (10/15)
 t - a wand of flame (16/48)
 B - a wand of confusion (6/48)
 E - a wand of acid (0/15)
 J - a wand of acid (6/15)
 N - a wand of paralysis (9/24)
Scrolls
 e - 12 scrolls of remove curse
 g - 8 scrolls of teleportation
 p - a scroll of amnesia
 v - a scroll of fog
 M - 2 scrolls of recharging
Potions
 h - a potion of magic
 i - 3 potions of flight
 l - a potion of berserk rage
 n - a potion of mutation
 o - a potion of might {unknown}
 s - 6 potions of brilliance
 u - a potion of curing
 w - 7 potions of heal wounds
 x - 3 potions of cancellation {unknown}
 z - a potion of invisibility
 A - a potion of ambrosia {unknown}
 F - a potion of lignification {unknown}
 I - a potion of resistance {unknown}
Books
 L - a book of Battle

   Spells                             Type                      Level
   a - Infusion                       Charms                       1
   b - Shroud of Golubria             Charms/Translocation         2
   c - Song of Slaying                Charms                       2
   d - Spectral Weapon                Hexes/Charms                 3
   e - Regeneration                   Charms/Necromancy            3
 R - a book of Transfigurations

   Spells                             Type                      Level
   a - Irradiate                      Conjuration/Transmutation    5
   b - Statue Form                    Transmutation/Earth          6
   c - Hydra Form                     Transmutation                6
   d - Dragon Form                    Transmutation                7
Miscellaneous
 S - a lamp of fire (inert)
Comestibles
 b - 5 chunks of flesh
 f - 16 bread rations
 k - 12 meat rations
 K - 4 royal jellies


   Skills:
 + Level 7.6 Fighting
 * Level 14.1 Axes
 - Level 1.7 Throwing
 - Level 6.0 Armour
 - Level 2.6 Dodging
 * Level 4.5 Shields
 - Level 3.0 Evocations


You had 10 spell levels left.
You didn't know any spells.

Dungeon Overview and Level Annotations

Branches:
Dungeon (12/15)            Temple (0/1) D:4            Lair (0/6) D:11
    Orc: D:9-12

Shops:
D:4 }   D:5 }   D:6 ::


Innate Abilities, Weirdness & Mutations

You have an increased reservoir of magic. (+10% MP)
You are partially covered in slimy green scales. (AC +2)
You are agile. (Dex +2)
Your mind is acute. (Int +2)


Message History

The centaur hits you but does no damage.
The centaur barely misses you. The two-headed ogre barely misses you.
The two-headed ogre hits you but does no damage.
You hit the centaur.
The centaur is heavily wounded.
You slash the two-headed ogre!
The centaur hits you but does no damage.
You hit the two-headed ogre.
The two-headed ogre is severely wounded.
You slash the centaur!
You kill the centaur!
The two-headed ogre hits you with a giant club!
You block the two-headed ogre's attack.
You are too injured to fight recklessly!
You barely miss the two-headed ogre.
The two-headed ogre is severely wounded.
The two-headed ogre hits you with a giant club!!
* * * LOW HITPOINT WARNING * * *
The two-headed ogre hits you with a giant spiked club!
You die...

.. ..# #. ....## ..
.....# o. ######...#.#
#o#####.##... ..#
#oO.#o#.##.## ##.##
.#.#.#.o....###...#
.†...##.##.....)O.####
#######.##.#....@....#
####.##.##.##.###.#
#.##.##....)†.###.###
#.##.##.#####.##.......#
.........#.......##..#.#
.#####...#.....[.##.##.#
#...#....).<##....#
#...#......)#####.#
#.#.#.......#####.#


You could see a two-headed ogre.

Vanquished Creatures
  The ghost of Wizop the Cruncher, a journeyman GnGl of Uskayaw (D:11)
  Erolcha (D:10)
  The ghost of kroki the Fighter, a journeyman CeWn of Gozag (D:10)
  2 two-headed ogres
  An unseen horror (D:10)
  Pikel (D:4)
  2 ugly things
  2 cyclopes
  A gargoyle (D:9)
  A komodo dragon (D:10)
  2 trolls (D:10)
  3 hippogriffs
  A wraith (D:10)
  8 yaks
  A basilisk (D:11)
  A wyvern (D:10)
  The ghost of GordonOverkill the Chopper, an amateur DgGl (D:3)
  Menkaure (D:6)
  4 vampire mosquitoes (D:11)
  2 hungry ghosts
  A soldier ant (D:10)
  Edmund (D:6)
  4 ice beasts
  9 orc warriors
  A slave (D:4)
  2 black bears
  4 phantoms
  4 sky beasts
  6 ogres
  A necrophage (D:7)
  5 centaurs
  A big kobold (D:11)
  4 bullfrogs
  A gnoll sergeant (D:11)
  A water moccasin skeleton (D:9)
  3 scorpions
  8 killer bees
  4 wights (D:7)
  An electric eel (D:7)
  3 howler monkeys (D:10)
  9 crimson imps
  The ghost of WhatIsLove the Sneak, a weakling DEFE (D:7)
  A quasit (D:9)
  4 bullfrog skeletons
  A centaur zombie (D:10)
  3 hounds
  2 jellies
  6 orc priests
  12 orc wizards
  An iron imp (D:8)
  6 iguanas
  5 worker ants
  A hound skeleton (D:11)
  4 worker ant zombies
  A howler monkey skeleton (D:4)
  3 gnolls (D:11)
  7 adders
  An adder skeleton (D:4)
  3 worms
  2 dart slugs
  5 leopard geckos
  48 orcs
  6 bats
  9 giant cockroaches
  10 goblins
  7 hobgoblins
  18 jackals
  24 kobolds
  4 quokkas
  10 frilled lizards
  A jackal skeleton (D:5)
  A jackal zombie (D:8)
  7 rats
324 creatures vanquished.

Notes
Turn   | Place    | Note
-------+----------+-------------------------------------------
     0 | D:1      | GordonOverkill the Demigod Gladiator began the quest for the Orb.
     0 | D:1      | Reached XP level 1. HP: 17/17 MP: 3/3
   237 | D:1      | Reached skill level 3 in Axes
   529 | D:1      | Reached XP level 2. HP: 9/24 MP: 4/4
  1483 | D:2      | Found an opulent altar of Gozag.
  1528 | D:2      | Reached XP level 3. HP: 25/29 MP: 5/5
  1624 | D:2      | Reached skill level 4 in Axes
  2749 | D:3      | Noticed GordonOverkill's ghost (amateur DgGl)
  3579 | D:2      | Reached XP level 4. HP: 25/36 MP: 6/6
  3967 | D:3      | Killed GordonOverkill's ghost
  3967 | D:3      | Reached skill level 5 in Axes
  3967 | D:3      | Reached XP level 5. HP: 16/41 MP: 7/7
  4326 | D:3      | Reached skill level 6 in Axes
  4653 | D:4      | Found a staircase to the Ecumenical Temple.
  5098 | D:4      | Noticed an ogre
  5114 | D:4      | Killed an ogre
  5114 | D:4      | Reached XP level 6. HP: 48/48 MP: 8/8
  5121 | D:4      | Found a shattered altar of Ashenzari.
  5271 | D:4      | Found a hide-covered altar of Uskayaw.
  5320 | D:4      | Reached skill level 7 in Axes
  5538 | D:4      | Noticed Pikel
  5550 | D:4      | Killed Pikel
  5550 | D:4      | Reached skill level 9 in Axes
  5550 | D:4      | Reached XP level 7. HP: 46/53 MP: 9/9
  5611 | D:4      | Found Aqeoxt's Gadget Emporium.
  5615 | D:4      | Bought a wand of confusion (10/48) for 117 gold pieces
  5675 | D:5      | Entered Level 5 of the Dungeon
  5721 | D:5      | Found Itirph's Gadget Shop.
  5876 | D:5      | Got an encrusted hunting sling
  5877 | D:5      | Identified the +5 hunting sling of the Demagogue {venom, Fragile rC++ Int+6} (You found it on level 5 of the Dungeon)
  6088 | D:5      | Reached XP level 8. HP: 60/60 MP: 10/10
  6365 | D:5      | Found a bloodstained altar of Trog.
  6425 | D:6      | Found Awiosevo's Book Boutique.
  6535 | D:6      | Noticed Menkaure
  6705 | D:6      | Killed Menkaure
  6705 | D:6      | Reached skill level 10 in Axes
  7008 | D:6      | Found Totzuwun's Book Shoppe.
  7039 | D:6      | Found a hazy altar of Hepliaklqana.
  7246 | D:6      | Noticed Edmund
  7258 | D:6      | Killed Edmund
  7308 | D:6      | Found a sparkling altar of Nemelex Xobeh.
  7529 | D:6      | Gained mutation: You are partially covered in slimy green scales. (AC +2) [potion of mutation]
  7529 | D:6      | Gained mutation: Your mind is acute. (Int +2) [potion of mutation]
  7529 | D:6      | Gained mutation: You are agile. (Dex +2) [potion of mutation]
  7843 | D:7      | Found a shimmering altar of Xom.
  8126 | D:7      | Reached skill level 11 in Axes
  8205 | D:7      | Noticed WhatIsLove's ghost (weakling DEFE)
  8215 | D:7      | Killed WhatIsLove's ghost
  8399 | D:7      | Reached skill level 1 in Armour
  8399 | D:7      | Reached XP level 9. HP: 42/69 MP: 11/11
  9670 | D:8      | Found a snail-covered altar of Cheibriados.
  9688 | D:8      | Noticed a two-headed ogre
  9708 | D:8      | Killed a two-headed ogre
  9708 | D:8      | Reached skill level 5 in Fighting
  9708 | D:8      | Reached skill level 12 in Axes
  9936 | D:8      | Found a stormy altar of Qazlal.
  9941 | D:8      | Noticed a cyclops
  9961 | D:8      | Killed a cyclops
  9961 | D:8      | Reached XP level 10. HP: 59/80 MP: 13/13
 10379 | D:8      | Found an ornate altar of the Wu Jian Council.
 10592 | D:9      | Found a sacrificial altar of Ru.
 11252 | D:9      | Reached skill level 5 in Armour
 11547 | D:9      | Reached skill level 13 in Axes
 11549 | D:9      | Noticed a two-headed ogre
 11571 | D:9      | Killed a two-headed ogre
 11652 | D:9      | Found a glowing silver altar of Zin.
 11944 | D:10     | Entered Level 10 of the Dungeon
 11946 | D:10     | Noticed kroki's ghost (journeyman CeWn)
 11966 | D:10     | Killed kroki's ghost
 12338 | D:10     | Noticed Erolcha
 12356 | D:10     | Killed Erolcha
 12356 | D:10     | Reached skill level 1 in Evocations
 12356 | D:10     | Reached XP level 11. HP: 43/90 MP: 15/15
 13134 | D:10     | Got a slimy chain mail
 13145 | D:10     | Identified the +1 chain mail "Heho" {rElec rPois rN+} (You found it on level 10 of the Dungeon)
 13368 | D:10     | Reached skill level 1 in Shields
 13454 | D:10     | Killed an unseen horror
 14699 | D:11     | Noticed Wizop's ghost (journeyman GnGl)
 14750 | D:11     | Killed Wizop's ghost
 14997 | D:11     | Reached skill level 14 in Axes
 15087 | D:11     | Found a staircase to the Lair.
 16002 | D:12     | Noticed a two-headed ogre
 16011 | D:12     | Slain by a two-headed ogre

Vault maps used:
D:1:      lightli_arrival_windingriver
D:2:      nicolae_gozag_cash_rules_everything_around_me, first_bread,
          serial_bayou_pond_e
D:3:      minmay_misc_feat_nine_boxes, kennysheep_generic_room_3
D:4:      eat_drink_and_be_merry_uskayaw, ashenzari_altar_1,
          minmay_temple_entry_crystal_x, serial_shops, shop, uniq_pikel
D:5:      kennysheep_mini, serial_shops, shop
D:6:      black_bear_nest_2, serial_shops, shop, nicolae_shop_behind_doors,
          basic_altar, minmay_strange_pillars, nemelex_spade_bored_becter,
          uniq_menkaure, uniq_edmund
D:7:      old_standard_altar, grunt_ogre_cave, kennysheep_generic_room_16
D:8:      slow_altar_1, overflow_temple_1_default, kennysheep_mini_moat
D:9:      zin_statuary, nicolae_ru_great_annihilating_truth,
          kennysheep_generic_room_14
D:10:     uniq_erolcha
D:11:     lair_entry_dummy, minmay_misc_feat_diagonals, hex_medium
D:12:     erik_orc_3

Skill      XL: |  1  2  3  4  5  6  7  8  9 10 11 |
---------------+----------------------------------+-----
Axes           | 3 4 5 6 9 11 12 13 14 | 14.1
Fighting       | 3 5 6 7 |  7.6
Armour         | 1 4 5 6 |  6.0
Evocations     | 1 3 |  3.0
Shields        | 4 |  4.5
Throwing       | |  1.7
Dodging        | |  2.6

Action                   |  1- 3 |  4- 6 |  7- 9 | 10-12 || total
-------------------------+-------+-------+-------+-------++-------
Melee: War axe           |   158 |   131 |     4 |       ||   293
       Broad axe         |       |       |   271 |   628 ||   899
 Fire: Hunting sling     |       |       |    48 |       ||    48
Throw: Throwing net      |       |     3 |     3 |     2 ||     8
       Stone             |       |       |     4 |       ||     4
Evoke: Wand              |       |       |     4 |     2 ||     6
       Lamp of fire      |       |       |       |     1 ||     1
  Use: Scroll            |     6 |     1 |     6 |     3 ||    16
       Potion            |       |       |     6 |     3 ||     9
 Stab: Sleeping          |     2 |     1 |       |       ||     3
       Distracted        |       |     1 |       |       ||     1
       Held in net/web   |       |     2 |       |     2 ||     4
       Confused          |       |       |     1 |     1 ||     2
       Paralysed         |       |       |       |     2 ||     2
       Invisible         |       |       |       |     1 ||     1
  Eat: Chunk             |     8 |     7 |    14 |    23 ||    52
       Fruit             |       |       |       |     4 ||     4
Armor: Leather armour    |    34 |    19 |       |       ||    53
       Chain mail        |       |    19 |       |   170 ||   189
       Plate armour      |       |       |   137 |   141 ||   278
Dodge: Dodged            |    86 |    57 |    71 |   239 ||   453
Block: Other             |    13 |    23 |    53 |   126 ||   215
       Reflection        |     2 |     2 |     5 |     6 ||    15
